AA
ERIE SEAWOLVES @ AKRON RUBBERDUCKS
04/28/2018
 
TOP OF THE 1ST
Erie SeaWolves batting - Pitching for Akron RubberDucks : RHP Chandler Shepherd
Pitching: RHP Chandler Shepherd
Batting: LHB Jake Fraley 0-0: Called Strike
0-1: Ball
1-1: Bunt for hit - play at first, batter safe!
Batting: RHB Tim Lopes 0-0: Called Strike
0-1: Foul Ball, location: 2F
0-2: Ball
1-2: Ball
2-2: Foul Ball, location: 2F
2-2: Foul Ball, location: 2F
2-2: Strikes out swinging
Batting: RHB Stetson Allie 0-0: Called Strike
0-1: Ball
1-1: Swinging Strike
1-2: Foul Ball, location: 2F
1-2: Ball
2-2: Ball
3-2: Foul Ball, location: 2F
3-2: Foul Ball, location: 2F
3-2: Grounds into double play, 6-4-3 (Groundball, 6)
Top of the 1st over - 0 runs, 1 hit, 0 errors, 0 left on base; Erie 0 - Akron 0
BOTTOM OF THE 1ST
Akron RubberDucks batting - Pitching for Erie SeaWolves : RHP Antonio Santillan
Pitching: RHP Antonio Santillan
Batting: LHB Mitchell Tolman 0-0: Foul Ball, location: 2F
0-1: Ball
1-1: Called Strike
1-2: Foul Ball, location: 2F
1-2: Ball
2-2: Ball
3-2: Foul Ball, location: 2F
3-2: SINGLE (Line Drive, 4D)
Batting: LHB Nick Gordon 0-0: Ball
1-0: Fly out, F7 (Line Drive, 7)
Batting: LHB Mike Gerber 0-0: Ball
1-0: Fly out, F8 (Line Drive, 8LM)
Batting: LHB Jason Vosler 0-0: Called Strike
0-1: Ball
1-1: Ball
2-1: SINGLE (Flyball, 89M)
Mitchell Tolman to second
Runner from 2nd tries for 3rd, SAFE, throw made to third
Batting: SHB Brett Cumberland 0-0: DOUBLE (Line Drive, 3D)
Mitchell Tolman scores
Jason Vosler to third
Runner from 3rd tries for Home, SAFE, no throw
Batting: LHB Sherman Johnson 0-0: Called Strike
0-1: Fly out, F8 (Flyball, 78M)
Bottom of the 1st over - 2 runs, 3 hits, 0 errors, 1 left on base; Erie 0 - Akron 2
TOP OF THE 2ND
Erie SeaWolves batting - Pitching for Akron RubberDucks : RHP Chandler Shepherd
Batting: LHB Chris J. Shaw 0-0: Ball
1-0: DOUBLE (Line Drive, 3D)
Batting: RHB Deivi Grullon 0-0: SINGLE (Groundball, 4D)
Chris J. Shaw to third
Batting: LHB Vince Fernandez 0-0: Ball
1-0: Swinging Strike
1-1: Ball
2-1: Foul Ball, location: 2F
2-2: Strikes out swinging
Batting: RHB Jomar Reyes 0-0: Fly out, F7 (Flyball, 7S)
Batting: RHB Johan Mieses 0-0: Called Strike
0-1: Ball
1-1: 3-RUN HOME RUN (Flyball, 9D), Distance : 371 ft
Batting: SHB Jean Carmona 0-0: Ball
1-0: Ground out 4-3 (Groundball, 4)
Top of the 2nd over - 3 runs, 3 hits, 0 errors, 0 left on base; Erie 3 - Akron 2
BOTTOM OF THE 2ND
Akron RubberDucks batting - Pitching for Erie SeaWolves : RHP Antonio Santillan
Batting: RHB Zack Zehner 0-0: Called Strike
0-1: Swinging Strike
0-2: Ball
1-2: Foul Ball, location: 2F
1-2: Ground out U3 (Groundball, 34S)
Batting: RHB Yermin Mercedes 0-0: SOLO HOME RUN (Line Drive, 9D), Distance : 391 ft
Batting: RHB Michael Russell 0-0: Called Strike
0-1: Ball
1-1: Foul Ball, location: 2F
1-2: Strikes out swinging
Batting: LHB Mitchell Tolman 0-0: Ball
1-0: Ground out 4-3 (Groundball, 4S)
Bottom of the 2nd over - 1 run, 1 hit, 0 errors, 0 left on base; Erie 3 - Akron 3
TOP OF THE 3RD
Erie SeaWolves batting - Pitching for Akron RubberDucks : RHP Chandler Shepherd
Batting: LHB Jake Fraley 0-0: Fly out, F1 (Line Drive, P)
Batting: RHB Tim Lopes 0-0: Foul Ball, location: 2F
0-1: Ball
1-1: Ball
2-1: Ball
3-1: Fly out, F8 (Flyball, 8LD)
Batting: RHB Stetson Allie 0-0: Fly out, F7 (Flyball, 7)
Top of the 3rd over - 0 runs, 0 hits, 0 errors, 0 left on base; Erie 3 - Akron 3
BOTTOM OF THE 3RD
Akron RubberDucks batting - Pitching for Erie SeaWolves : RHP Antonio Santillan
Batting: LHB Nick Gordon 0-0: Called Strike
0-1: Ground out U3 (Groundball, 3)
Batting: LHB Mike Gerber 0-0: Ball
1-0: Foul Ball, location: 2F
1-1: Ball
2-1: Foul Ball, location: 2F
2-2: Fly out, F6 (Popup, P)
Batting: LHB Jason Vosler 0-0: Ground out 5-3 (Groundball, 56)
Bottom of the 3rd over - 0 runs, 0 hits, 0 errors, 0 left on base; Erie 3 - Akron 3
TOP OF THE 4TH
Erie SeaWolves batting - Pitching for Akron RubberDucks : RHP Chandler Shepherd
Batting: LHB Chris J. Shaw 0-0: Called Strike
0-1: Called Strike
0-2: Strikes out swinging
Batting: RHB Deivi Grullon 0-0: Fly out, F4 (Line Drive, 4)
Batting: LHB Vince Fernandez 0-0: Swinging Strike
0-1: Ball
1-1: Called Strike
1-2: Strikes out swinging
Top of the 4th over - 0 runs, 0 hits, 0 errors, 0 left on base; Erie 3 - Akron 3
BOTTOM OF THE 4TH
Akron RubberDucks batting - Pitching for Erie SeaWolves : RHP Antonio Santillan
Batting: SHB Brett Cumberland 0-0: Ball
1-0: Ball
2-0: DOUBLE (Flyball, 8LXD)
Batting: LHB Sherman Johnson 0-0: Called Strike
0-1: Ball
1-1: Foul Ball, location: 2F
1-2: Ball
2-2: Fly out, F8 (Flyball, 8LXD)
Runner from 2nd tags up, SAFE at 3rd, no throw
Batting: RHB Zack Zehner 0-0: Foul Ball, location: 2F
0-1: Ball
1-1: SINGLE (Line Drive, 6MD)
Brett Cumberland scores
Batting: RHB Yermin Mercedes 0-0: Called Strike
0-1: SINGLE (Groundball, 6D)
Zack Zehner to second
Batting: RHB Michael Russell 0-0: Swinging Strike
0-1: Swinging Strike
0-2: Ball
1-2: Foul Ball, location: 2F
1-2: Ball
2-2: Strikes out swinging
Batting: LHB Mitchell Tolman 0-0: SINGLE (Groundball, 56D)
Zack Zehner to third
Yermin Mercedes to second
Runner from 3rd tries for Home, SAFE, throw made home
Batting: LHB Nick Gordon 0-0: Ball
1-0: Called Strike
1-1: Ball
2-1: DOUBLE (Line Drive, 78M)
Yermin Mercedes scores
Mitchell Tolman to third
Batting: LHB Mike Gerber 0-0: Swinging Strike
0-1: Ground out U3 (Groundball, 3)
Bottom of the 4th over - 3 runs, 5 hits, 0 errors, 2 left on base; Erie 3 - Akron 6
TOP OF THE 5TH
Erie SeaWolves batting - Pitching for Akron RubberDucks : RHP Chandler Shepherd
Batting: RHB Jomar Reyes 0-0: Ball
1-0: Swinging Strike
1-1: Ball
2-1: Ball
3-1: Called Strike
3-2: Foul Ball, location: 2F
3-2: Strikes out swinging
Batting: RHB Johan Mieses 0-0: Called Strike
0-1: Ball
1-1: Ball
2-1: Ball
3-1: Fly out, F2 (Popup, 2LF)
Batting: SHB Jean Carmona 0-0: Ball
1-0: Ball
2-0: Called Strike
2-1: Called Strike
2-2: Ball
3-2: Base on Balls
Batting: LHB Jake Fraley 0-0: Ball
1-0: Called Strike
1-1: Foul Ball, location: 2F
1-2: Strikes out swinging
Top of the 5th over - 0 runs, 0 hits, 0 errors, 1 left on base; Erie 3 - Akron 6
BOTTOM OF THE 5TH
Akron RubberDucks batting - Pitching for Erie SeaWolves : RHP Antonio Santillan
Batting: LHB Jason Vosler 0-0: Ball
1-0: Fly out, F9 (Flyball, 89S)
Batting: SHB Brett Cumberland 0-0: Called Strike
0-1: Ball
1-1: Ball
2-1: Foul Ball, location: 2F
2-2: Ball
3-2: Ground out U3 (Groundball, 34)
Batting: LHB Sherman Johnson 0-0: Called Strike
0-1: Ground out 6-3 (Groundball, 56D)
Bottom of the 5th over - 0 runs, 0 hits, 0 errors, 0 left on base; Erie 3 - Akron 6
TOP OF THE 6TH
Erie SeaWolves batting - Pitching for Akron RubberDucks : RHP Chandler Shepherd
Batting: RHB Tim Lopes 0-0: Ball
1-0: Bunt for hit - play at first, batter OUT! 3-4
Batting: RHB Stetson Allie 0-0: Called Strike
0-1: Swinging Strike
0-2: Ball
1-2: Ball
2-2: Fly out, F6 (Popup, 4M)
Batting: LHB Chris J. Shaw 0-0: Ground out 4-3 (Groundball, 4)
Top of the 6th over - 0 runs, 0 hits, 0 errors, 0 left on base; Erie 3 - Akron 6
BOTTOM OF THE 6TH
Akron RubberDucks batting - Pitching for Erie SeaWolves : RHP Antonio Santillan
Batting: RHB Zack Zehner 0-0: Called Strike
0-1: Ball
1-1: Ball
2-1: Ball
3-1: Base on Balls
Batting: RHB Yermin Mercedes 0-0: Ball
1-0: Foul Ball, location: 2F
1-1: Ball
2-1: 2-RUN HOME RUN (Flyball, 9D), Distance : 379 ft
Pitching: RHP Ryan Hendrix
Batting: RHB Michael Russell 0-0: Called Strike
0-1: Foul Ball, location: 2F
0-2: Fly out, F8 (Flyball, 78XD)
Batting: LHB Mitchell Tolman 0-0: Called Strike
0-1: Called Strike
0-2: Ball
1-2: Strikes out swinging
Batting: LHB Nick Gordon 0-0: Ball
1-0: Called Strike
1-1: Foul Ball, location: 2F
1-2: Foul Ball, location: 2F
1-2: Ball
2-2: Foul Ball, location: 2F
2-2: Ground out 4-3 (Groundball, 34D)
Bottom of the 6th over - 2 runs, 1 hit, 0 errors, 0 left on base; Erie 3 - Akron 8
TOP OF THE 7TH
Erie SeaWolves batting - Pitching for Akron RubberDucks : RHP Chandler Shepherd
Batting: RHB Deivi Grullon 0-0: Fly out, F9 (Flyball, 89M)
Batting: LHB Vince Fernandez 0-0: Swinging Strike
0-1: Foul Ball, location: 2F
0-2: Strikes out swinging
Batting: RHB Jomar Reyes 0-0: Foul Ball, location: 2F
0-1: Swinging Strike
0-2: Strikes out swinging
Top of the 7th over - 0 runs, 0 hits, 0 errors, 0 left on base; Erie 3 - Akron 8
BOTTOM OF THE 7TH
Akron RubberDucks batting - Pitching for Erie SeaWolves : RHP Ryan Hendrix
Batting: LHB Mike Gerber 0-0: Called Strike
0-1: Ball
1-1: Ball
2-1: Called Strike
2-2: Fly out, F4 (Popup, 34S)
Batting: LHB Jason Vosler 0-0: Reached on error, E6 (Groundball, 4M)
Batting: SHB Brett Cumberland 0-0: Foul Ball, location: 2F
0-1: Swinging Strike
0-2: Strikes out looking
Batting: LHB Sherman Johnson 0-0: Foul Ball, location: 2F
0-1: Ball
1-1: Foul Ball, location: 2F
1-2: Ball
2-2: Strikes out swinging
Bottom of the 7th over - 0 runs, 0 hits, 1 error, 1 left on base; Erie 3 - Akron 8
TOP OF THE 8TH
Erie SeaWolves batting - Pitching for Akron RubberDucks : RHP Chandler Shepherd
Pitching: RHP Joshua James
Batting: RHB Johan Mieses 0-0: Ball
1-0: Called Strike
1-1: Called Strike
1-2: Strikes out looking
Batting: SHB Jean Carmona 0-0: SINGLE (Groundball, 4MD)
Batting: LHB Jake Fraley 0-0: Foul Ball, location: 2F
0-1: Fly out, F8 (Line Drive, 8RD)
Batting: RHB Tim Lopes 0-0: Ball
1-0: Foul Ball, location: 2F
1-1: Swinging Strike
1-2: Ground out 1-3 (Groundball, 25)
Top of the 8th over - 0 runs, 1 hit, 0 errors, 1 left on base; Erie 3 - Akron 8
BOTTOM OF THE 8TH
Akron RubberDucks batting - Pitching for Erie SeaWolves : RHP Ryan Hendrix
Batting: RHB Zack Zehner 0-0: Called Strike
0-1: Ground out 1-3 (Groundball, 34S)
Batting: RHB Yermin Mercedes 0-0: Ball
1-0: Fly out, F8 (Flyball, 8LD)
Batting: RHB Michael Russell 0-0: Ball
1-0: Fly out, F7 (Flyball, 78S)
Bottom of the 8th over - 0 runs, 0 hits, 0 errors, 0 left on base; Erie 3 - Akron 8
TOP OF THE 9TH
Erie SeaWolves batting - Pitching for Akron RubberDucks : RHP Joshua James
Batting: RHB Stetson Allie 0-0: Foul Ball, location: 2F
0-1: Called Strike
0-2: Ball
1-2: Ball
2-2: Ball
3-2: SINGLE (Groundball, 6MD)
Batting: LHB Chris J. Shaw 0-0: SINGLE (Flyball, 8LS)
Stetson Allie to second
Batting: RHB Deivi Grullon 0-0: Ball
1-0: Ball
2-0: Foul Ball, location: 2F
2-1: Called Strike
2-2: Strikes out swinging
Batting: LHB Vince Fernandez 0-0: Foul Ball, location: 2F
0-1: Ball
1-1: Swinging Strike
1-2: Ball
2-2: Ball
3-2: Fly out, F7 (Flyball, 7D)
Runner from 2nd tags up, SAFE at 3rd, no throw
Batting: RHB Jomar Reyes 0-0: Ball
1-0: Ball
2-0: SINGLE (Line Drive, 89S)
Stetson Allie scores
Chris J. Shaw to second
Pitching: RHP Tyler Zuber
Batting: RHB Johan Mieses 0-0: Ball
1-0: Called Strike
1-1: Called Strike
1-2: Strikes out swinging
Top of the 9th over - 1 run, 3 hits, 0 errors, 2 left on base; Erie 4 - Akron 8
Tuesday, June 19th, 2018 - OOTP Baseball 19.6 Build 53